 Dungeon Crawl Stone Soup version 0.32-a0-17-gb74e046682 (webtiles) character file.

Game seed: 4753093787250979832

98 Ajfallout3 the Chopper (level 4, -5/41 HPs)
             Began as a Minotaur Berserker on Jan 15, 2024.
             Was a Priest of Trog.
             Slain by Crazy Yiuf
             ... wielding a +4 quarterstaff of chaos
              (7 damage)
             ... on level 2 of the Dungeon.
             The game lasted 00:10:29 (1977 turns).

Ajfallout3 the Chopper (Minotaur Berserker)         Turns: 1977, Time: 00:10:30

Health: -5/41      AC:  9    Str: 22    XL:     4   Next: 43%
Magic:  6/12       EV:  9    Int:  4    God:    Trog [***...]
Gold:   182        SH:  0    Dex: 11    Spells: 3/3 levels left

rFire   . . .        a - +0 hand axe
rCold   . . .        (no shield)
rNeg    . . .        f - +0 chain mail
rPois   .            (helmet restricted)
rElec   .            (no cloak)
rCorr   .            (no gloves)
SInv    .            (no boots)
Will    .....        (no amulet) Stlth
                     e - ring of magical power
HPRegen 0.26/turn    (no ring)
MPRegen 0.13/turn

%: no passive effects
@: confused, lethally poisoned (-5 -> -8), hasted, very quick
A: horns 2, retaliatory headbutt
a: Renounce Religion, Berserk, Trog's Hand


You were on level 2 of the Dungeon.
You worshipped Trog.
Trog was most pleased with you.
You visited 1 branch of the dungeon, and saw 2 of its levels.

You collected 182 gold pieces.

Inventory:

Hand Weapons
 a - a +0 hand axe (weapon)
Armour
 b - a +0 helmet
 f - a +0 chain mail (worn)
Jewellery
 e - a ring of magical power (left hand)
Scrolls
 d - a scroll of teleportation {unknown}
 g - a scroll of fog {unknown}
 h - a scroll of fear {unknown}
 i - a scroll of immolation {unknown}
 k - a scroll of noise {unknown}
Potions
 c - a potion of enlightenment
 j - a potion of magic {unknown}


   Skills:
 + Level 4.4 Fighting
 + Level 5.1 Axes
 + Level 2.8 Armour
 + Level 3.0 Dodging


You had 3 spell levels left.
You didn't know any spells.
Your spell library contained the following spells:

 Spells                   Type           Power      Damage    Failure   Level
 Hailstorm                Conj/Ice       0%         3d5       100%        3
 Summon Ice Beast         Ice/Summ       0%         N/A       100%        3
 Sculpt Simulacrum        Ice/Alch       0%         N/A       100%        6


Dungeon Overview and Level Annotations

Branches:
Dungeon (2/15)

Altars:
Vehumet

Annotations:
D:2 Crazy Yiuf


Innate Abilities, Weirdness & Mutations

You have a pair of horns on your head.
You reflexively headbutt those who attack you in melee.


Message History

Found six hammers.
Found a runed translucent door.
You see here a +0 hammer.
Found a hammer.
Crazy Yiuf shouts!
Crazy Yiuf says, "Hack song bush!"
You see here a +0 hammer.
Crazy Yiuf waves his quarterstaff at you.
You see here a +0 hammer.
Found three hammers.
You see here a +0 hammer.
You open the door. You closely miss Crazy Yiuf.
Your headbutt misses Crazy Yiuf.
Crazy Yiuf hits you with a +4 quarterstaff of chaos.
You feel yourself speed up.
You completely miss Crazy Yiuf.
Crazy Yiuf hits you with a +4 quarterstaff of chaos!
You are poisoned.
You hit Crazy Yiuf but do no damage.
You feel sick. Crazy Yiuf hits you but does no damage.
You closely miss Crazy Yiuf.
You feel sick.
You hit Crazy Yiuf.
Crazy Yiuf is moderately wounded.
You feel sick.
Crazy Yiuf glowers.
Crazy Yiuf hits you with a +4 quarterstaff of chaos.
You are confused.
You bump into the stone wall.
You feel sick.
Crazy Yiuf hits you with a +4 quarterstaff of chaos!
* * * LOW HITPOINT WARNING * * *
You feel your power leaking away.
You bump into the stone wall.
* * * LOW HITPOINT WARNING * * *
You feel sick.
You slash Crazy Yiuf! Your headbutt misses Crazy Yiuf.
Crazy Yiuf is severely wounded.
* * * LOW HITPOINT WARNING * * *
You feel sick.
Crazy Yiuf laughs, "Ghoul song fast!"
Crazy Yiuf hits you with a +4 quarterstaff of chaos!
You die...

#.#####+..'###..#...#.#.# #.
#....# #..#...#.#.# #. ♣P.P.♣
#........... #. ♣♣P.)♣
#.##...#.... #. ♣♣)♣♣
#.##...#.... #. ♣♣)♣
#........... #. ♣)♣♣
#.#....#.#.# ♣♣)♣
####...#.#.# ♣@♣♣
#........... #g# #...........
))) ###......... #)))#
#......#.#.# #### #).)#
#........... #..# #####
#........... #####..#
#...........
#......##############........
#.###........................


You could see Crazy Yiuf.

Vanquished Creatures
  Robin (D:2)
  An adder (D:2)
  2 ribbon worms (D:2)
  3 ball pythons (D:2)
  7 bats
  4 endoplasms (D:2)
  2 giant cockroaches
  13 goblins
  7 hobgoblins
  4 kobolds
  5 quokkas (D:2)
  6 frilled lizards
  11 rats
66 creatures vanquished.

Notes
Turn   | Place    | Note
-------+----------+-------------------------------------------
     0 | D:1      | Ajfallout3 the Minotaur Berserker began the quest for the
                  | Orb.
     0 | D:1      | Reached XP level 1. HP: 19/19 MP: 0/0
   137 | D:1      | Reached XP level 2. HP: 24/27 MP: 1/1
   173 | D:1      | Reached skill level 4 in Axes
   615 | D:1      | Reached ** piety under Trog
   932 | D:2      | Reached XP level 3. HP: 27/33 MP: 2/2
  1057 | D:2      | Found a radiant altar of Vehumet.
  1087 | D:2      | Noticed Robin
  1131 | D:2      | Killed Robin
  1132 | D:2      | Reached XP level 4. HP: 21/41 MP: 3/3
  1329 | D:2      | Reached skill level 5 in Axes
  1424 | D:2      | Reached *** piety under Trog
  1965 | D:2      | Found a runed translucent door.
  1966 | D:2      | Noticed Crazy Yiuf
  1977 | D:2      | HP: 2/41 [poisoned by Crazy Yiuf]
  1977 | D:2      | Slain by Crazy Yiuf

Illustrated notes

Levels and vault maps discovered:
D:1:      dpeg_arrival_central, layout_basic, glass_columns_a,
          minmay_rat_gold_closets
D:2:      wad_woods_stonehenge, layout_basic, minmay_indecisive_spiral,
          uniq_crazy_yiuf_cottage, uniq_robin

Skill      XL: |  1  2  3  4 |
---------------+-------------+-----
Axes           | 4 5 |  5.1
Fighting       | 4 |  4.4
Dodging        | 3 |  3.0
Armour         | |  2.8

Action                     |  1- 3 |  4- 6 || total
---------------------------+-------+-------++-------
  Melee: Hand axe          |   100 |    45 ||   145
         Headbutt          |     8 |     6 ||    14
    Use: Scroll            |     1 |       ||     1
 Armour: Animal skin       |    33 |       ||    33
         Chain mail        |    50 |    36 ||    86
  Dodge: Dodged            |    64 |    14 ||    78

Table legend: (Time is in decaauts)
 A = Elapsed time spent in this place.
 B = Non-inter-level travel time spent in this place.
 C = Inter-level travel time spent in this place.
 D = Time resting spent in this place.
 E = Time spent auto-exploring this place.
 F = Levels seen in this place.
 G = Mean time per level.
                   A        B        C        D        E       F      G
               +--------+--------+--------+--------+--------+-----+--------+
         Total |   1985 |   1240 |    745 |     51 |    804 |   2 |  992.5 |
       Dungeon |   1985 |   1240 |    745 |     51 |    804 |   2 |  992.5 |
               +--------+--------+--------+--------+--------+-----+--------+

Top non-repeatable levels by time:
     D:2: 1066 daAuts
     D:1: 919 daAuts
